 Dungeon Crawl Stone Soup version 0.30-a0-469-g84de5afbc5 (webtiles) character file.

Game seed: 15026187738858884310

726 tilp the Slasher (level 8, -5/67 HPs)
             Began as a Meteoran Fighter on Dec 19, 2022.
             Was an Initiate of Makhleb.
             Succumbed to a kobold brigand's curare-tipped dart
             ... on level 6 of the Dungeon.
             The game lasted 00:07:56 (1766 turns).

tilp the Slasher (Meteoran Fighter)                 Turns: 1766, Time: 00:07:56

Health: -5/67      AC:  4    Str: 19    XL:     8   Next: 23%
Magic:  9/9        EV:  9    Int:  9    God:    Makhleb [......]
Gold:   886        SH:  5    Dex: 15    Spells: 7/7 levels left

rFire   . . .      SeeInvis .    a - +1 long sword
rCold   . . .      Faith    .    c - +0 buckler
rNeg    . . .      Spirit   .    k - +0 chain mail
rPois   .          Reflect  .    n - +2 helmet
rElec   .          Harm     .    (no cloak)
rCorr   .          Rampage  .    (no gloves)
Will    ++...                    (no boots)
Stlth   ..........               (no amulet)
HPRegen 0.31/turn                j - ring of willpower
MPRegen 0.11/turn                (no ring)

@: lethally poisoned (-5 -> -22), corroded, flying, slowed, glowing, very slow
A: sense surroundings 1, otherworldly, glowing, explore regen
a: Renounce Religion


You were on level 6 of the Dungeon.
You worshipped Makhleb.
Makhleb was noncommittal.
You visited 2 branches of the dungeon, and saw 7 of its levels.
You also visited: Sewer.

You collected 886 gold pieces.

Inventory:

Hand Weapons
 a - a +1 long sword (weapon)
Missiles
 d - 3 poisoned darts (quivered)
Armour
 b - a +0 scale mail
 c - a +0 buckler (worn)
 k - a +0 chain mail (worn)
 n - a +2 helmet (worn)
Jewellery
 e - a ring of ice
 j - a ring of willpower (left hand)
Wands
 h - a wand of polymorph (5)
Potions
 g - a potion of flight
 l - 2 potions of magic
 m - 3 potions of curing
 p - a potion of brilliance {unknown}


   Skills:
 + Level 4.5 Fighting
 * Level 5.4 Long Blades
 + Level 4.6 Armour
 + Level 4.7 Dodging
 + Level 2.6 Stealth
 - Level 4.0 Shields
 + Level 2.3 Evocations


You had 7 spell levels left.
You didn't know any spells.
Your spell library contained the following spells:

 Spells                   Type           Power      Damage    Failure   Level
 Kiss of Death            Conj/Necr      0%         2d5       99%         1
 Confusing Touch          Hex            0%         N/A       100%        3
 Gell's Gravitas          Tloc           0%         N/A       100%        3
 Teleport Other           Tloc           0%         N/A       100%        3
 Dispel Undead            Necr           0%         3d6       100%        4
 Dispersal                Tloc           0%         N/A       100%        6


Dungeon Overview and Level Annotations

Branches:
Dungeon (6/15) Zot: 1989   Temple (1/1) D:4 Zot: 496   Sewer (visited)

Altars:
Ashenzari
Cheibriados
Dithmenos
Elyvilon
Fedhas
Gozag
Hepliaklqana
Kikubaaqudgha
Makhleb
Nemelex Xobeh
Qazlal
Ru
Sif Muna
Trog
Uskayaw
Vehumet
Wu Jian
Xom
Yredelemnul
Zin
The Shining One


Innate Abilities, Weirdness & Mutations

You passively map a small area around you.
You are easily found by Zot.
You glow in the dark.
You regain HP and MP as you explore.


Message History

The entropy weaver gestures at you while chanting.
The entropic weave corrodes you!
You hear a shout!
Aiming: Polymorph
Press: ? - help, Shift-Dir - straight line, f/p - entropy weaver
Aim: an entropy weaver (lightly wounded, will become a jelly, a yak, or a fire crab, chance to affect: 22%)
The entropy weaver resists with almost no effort.
A kobold demonologist comes into view. It is wielding a +0 dagger.
The entropy weaver hits you! The entropy weaver hits you.
The entropy weaver hits you!
* * * LOW HITPOINT WARNING * * *
The entropy weaver hits you.
* * * LOW HITPOINT WARNING * * *
Unknown command.
Unknown command.
Unknown command.
Aiming: Polymorph
Press: ? - help, Shift-Dir - straight line, f/p - entropy weaver
Aim: an entropy weaver (lightly wounded, will become a jelly, a yak, or a fire crab, chance to affect: 22%)
The entropy weaver evaporates and reforms as a yak!
The kobold demonologist mumbles some strange words.
You block the yak's attack.
You hear a shout!
Unknown command.
Unknown command.
You completely miss the yak.
The kobold brigand throws a curare-tipped dart.
The curare-tipped dart hits you.
You are poisoned.
You have difficulty breathing.
* * * LOW HITPOINT WARNING * * *
You feel yourself slow down. The yak gores you!
* * * LOW HITPOINT WARNING * * *
The ynoxinul gestures.
Unknown command.
Unknown command.
Unknown command.
You feel very buoyant.
You fly up into the air.
You die...

#.#.#.##.###.##K#.# ##.,,
#.#.#..........K..#..., ,
..#.#.##.#.##.#.#.#.# *
....#.##........#5..# ..
.........#.#(.!..K#)##.(.,
..# #.##.#.).)((#3#..... *
..###.##...#.....K..# ,
....#.##)#.#.#K##Y#.##..
##.......#......@........
#.##.##.#.#.##.###.##..+
#.##.##..........,... *
#....##)#)##.###. *##. ,
###..##.#.##.###.# ** #
##..†.....).... , ,
############## , ,


You could see a kobold demonologist, a yak, a ynoxinul (summoned), a kobold
brigand, an ufetubus (summoned) and a kobold.

Vanquished Creatures
  A water moccasin (D:5)
  A sky beast (D:6)
  An ice beast (D:3)
  2 kobold brigands (Sewer)
  A scorpion (D:6)
  An iguana (D:6)
  An orc wizard (D:6)
  Robin (D:4)
  9 adders
  3 river rats
  An ufetubus (D:6)
  A worm (D:4)
  4 orcs (D:6)
  2 endoplasms
  15 goblins
  8 hobgoblins
  A jackal (Sewer)
  4 quokkas
  2 ball pythons (D:1)
  A bat (D:2)
  A frilled lizard (D:1)
  9 kobolds
  7 rats
77 creatures vanquished.

Notes
Turn   | Place    | Note
-------+----------+-------------------------------------------
     0 | D:1      | tilp the Meteoran Fighter began the quest for the Orb.
     0 | D:1      | Reached XP level 1. HP: 19/19 MP: 2/2
    32 | D:2      | Reached skill level 1 in Dodging
    32 | D:2      | Reached XP level 2. HP: 21/26 MP: 3/3
   133 | D:3      | Noticed an ice beast
   335 | D:1      | Reached XP level 3. HP: 20/31 MP: 4/4
   682 | D:3      | Killed an ice beast
   683 | D:3      | Reached skill level 3 in Long Blades
   683 | D:3      | Reached skill level 1 in Stealth
   683 | D:3      | Reached XP level 4. HP: 27/40 MP: 5/5
   683 | D:3      | Reached XP level 5. HP: 31/46 MP: 6/6
   923 | D:4      | Reached XP level 6. HP: 13/52 MP: 7/7
   972 | D:4      | Found a glowing drain.
   980 | Sewer    | Entered a sewer
  1052 | Sewer    | Reached skill level 4 in Long Blades
  1062 | Sewer    | Reached XP level 7. HP: 26/59 MP: 8/8
  1098 | Sewer    | Found a white marble altar of Elyvilon.
  1337 | D:4      | Noticed Robin
  1365 | D:4      | Killed Robin
  1366 | D:4      | Reached skill level 1 in Evocations
  1429 | D:4      | Found a staircase to the Ecumenical Temple.
  1454 | Temple   | Entered the Ecumenical Temple
  1534 | Temple   | Became a worshipper of Makhleb the Destroyer
  1562 | D:4      | Identified a scroll of acquirement
  1562 | D:4      | Acquired 813 gold pieces
  1609 | D:5      | Entered Level 5 of the Dungeon
  1617 | D:5      | Noticed a water moccasin
  1631 | D:5      | Killed a water moccasin
  1700 | D:6      | Reached skill level 5 in Long Blades
  1700 | D:6      | Reached XP level 8. HP: 52/67 MP: 9/9
  1751 | D:6      | Noticed a kobold demonologist
  1753 | D:6      | Noticed a hellwing
  1760 | D:6      | a kobold demonologist changed into an entropy weaver
  1760 | D:6      | Noticed an entropy weaver
  1763 | D:6      | Noticed a kobold demonologist
  1764 | D:6      | an entropy weaver changed into a yak
  1764 | D:6      | Noticed a yak
  1765 | D:6      | Noticed a ynoxinul
  1765 | D:6      | HP: 1/67 [yak (12)]
  1766 | D:6      | Succumbed to a kobold brigand's curare-tipped dart

Illustrated notes

Levels and vault maps discovered:
D:1:      dpeg_arrival_line_fractal, layout_rooms
D:2:      kennysheep_big_flooded_room, layout_basic,
          shapermc_ecumenical_altar_totnotflames
D:3:      layout_loops_ring
D:4:      layout_basic, temple_pool_b, lightli_sewer_entry_pipes,
          minmay_misc_feat_roman, hangedman_decor_riveting, uniq_robin,
          uniq_blork_the_orc
D:5:      layout_loops_ring, okawaru_ov_weapons_minmay, uniq_duvessa
D:6:      layout_loops_corners, minmay_diced_spiral
Temple:   nicolae_temple_the_god_donut

Skill      XL: |  1  2  3  4  5  6  7 |
---------------+----------------------+-----
Dodging        | 1 3 4 |  4.7
Long Blades    | 3 4 5 |  5.4
Armour         | 4 |  4.6
Stealth        | 1 2 |  2.6
Shields        | 4 |  4.0
Fighting       | 4 |  4.5
Evocations     | 2 |  2.3

Action                   |  1- 3 |  4- 6 |  7- 9 || total
-------------------------+-------+-------+-------++-------
Melee: Long sword        |    67 |    79 |   134 ||   280
Throw: Dart              |       |       |     5 ||     5
Evoke: Wand              |       |       |     3 ||     3
  Use: Scroll            |     1 |     6 |     4 ||    11
       Potion            |     1 |     1 |     2 ||     4
Armor: Scale mail        |    38 |       |       ||    38
       Chain mail        |     9 |    66 |   120 ||   195
Dodge: Dodged            |    49 |    41 |    57 ||   147
Block: Buckler           |    28 |    36 |    40 ||   104

Table legend: (Time is in decaauts)
 A = Elapsed time spent in this place.
 B = Non-inter-level travel time spent in this place.
 C = Inter-level travel time spent in this place.
 D = Time resting spent in this place.
 E = Time spent auto-exploring this place.
 F = Levels seen in this place.
 G = Mean time per level.
                   A        B        C        D        E       F      G
               +--------+--------+--------+--------+--------+-----+--------+
         Total |   1910 |   1487 |    423 |      0 |      0 |   8 |  238.8 |
       Dungeon |   1610 |   1232 |    378 |      0 |      0 |   6 |  268.3 |
        Temple |    103 |     58 |     45 |      0 |      0 |   1 |  103.0 |
         Sewer |    196 |    196 |      0 |      0 |      0 |   1 |  196.0 |
               +--------+--------+--------+--------+--------+-----+--------+

Top non-repeatable levels by time:
     D:4: 686 daAuts
     D:2: 510 daAuts
   Sewer: 196 daAuts
     D:1: 181 daAuts
     D:6: 138 daAuts
  Temple: 103 daAuts
     D:3: 62 daAuts
     D:5: 31 daAuts
